 Dungeon Crawl Stone Soup version 0.20.1-1-g8b1a95d (webtiles) character file.

2217 Zedayar the Grappler (level 9, -2/84 HPs)
             Began as a Troll Berserker on Aug 29, 2017.
             Was an Elder of Trog.
             Slain by an eight-headed hydra (4 damage)
             ... on level 1 of the Lair of Beasts.
             The game lasted 00:24:24 (4384 turns).

Zedayar the Grappler (Troll Berserker)              Turns: 4384, Time: 00:24:25

Health: -2/84      AC:  6    Str: 32    XL:     9   Next: 13%
Magic:  8/8        EV: 11    Int:  3    God:    Trog [****..]
Gold:   262        SH:  0    Dex:  9    Spells: 8/8 levels left

rFire    . . .     SeeInvis .     - Unarmed
rCold    . . .     Gourm    +   (no shield)
rNeg     . . .     Faith    +   a - +0 animal skin
rPois    .         Spirit   .   x - +1 hat
rElec    .         Reflect  .   (no cloak)
rCorr    .         Harm     .   (gloves unavailable)
MR       ++...                  (boots unavailable)
Stlth    +.........             v - amulet of faith
Regen    1.7/turn               (no ring)
MPRegen  0.2/turn               (no ring)

@: regenerating
A: unfitting armour, claws 3, hooves 1, fast metabolism 3, gourmand,
regeneration 1, shaggy fur 1, strong 1, tough skin 2
a: Berserk, Trog's Hand, Brothers in Arms, Burn Spellbooks, Renounce Religion


You were on level 1 of the Lair of Beasts.
You worshipped Trog.
Trog was greatly pleased with you.
You were not hungry.

You visited 2 branches of the dungeon, and saw 8 of its levels.

You collected 262 gold pieces.

Inventory:

Hand Weapons
 r - a +0 giant spiked club
 y - the +2 trident of Heyxzut {pierce, rPois Str+4 Int-2 Dex+5, unknown}
   (You found it on level 9 of the Dungeon)

   It inflicts extra damage upon your enemies.
   It affects your strength (+4).
   It affects your intelligence (-2).
   It affects your dexterity (+5).
   It protects you from poison.
Armour
 a - a +0 animal skin (worn)
 x - a +1 hat (worn)
Jewellery
 v - an amulet of faith (around neck)
Wands
 k - a wand of confusion (16/48)
 m - a wand of lightning (10/15)
 t - a wand of acid (8/15)
 A - a wand of flame (23/48)
Scrolls
 c - 2 scrolls of identify {unknown}
 d - a scroll of noise {unknown}
 i - 3 scrolls of remove curse {unknown}
 j - 2 scrolls of magic mapping {unknown}
 o - a scroll of enchant weapon {unknown}
 p - a scroll of teleportation {unknown}
 s - a scroll of recharging {unknown}
 w - a scroll of acquirement {unknown}
Potions
 e - a potion of heal wounds
 g - 4 potions of curing
 n - 2 potions of mutation
 q - a potion of brilliance {unknown}
 z - a potion of cancellation {unknown}
Miscellaneous
 u - a lamp of fire
Comestibles
 b - 4 bread rations
 h - a fruit
 l - a meat ration


   Skills:
 * Level 4.2 Fighting
 + Level 4.2 Dodging
 + Level 1.3 Stealth
 + Level 10.6 Unarmed Combat


You had 8 spell levels left.
You didn't know any spells.

Dungeon Overview and Level Annotations

Branches:
Dungeon (9/15)             Temple (0/1) D:4            Lair (1/6) D:9
    Orc: D:9-12

Altars:
Elyvilon
Okawaru
Ru
Vehumet
Yredelemnul
The Shining One


Innate Abilities, Weirdness & Mutations

You are too large for most types of armour.
You have claws for hands.
Your metabolism is lightning-fast.
You like to eat raw meat.
Your natural rate of healing is unusually fast.
You are covered in fur. (AC +1)
You have very tough skin. (AC +2)
You have large cloven feet.
Your muscles are strong. (Str +2)


Message History

An eight-headed hydra comes into view.
The eight-headed hydra roars!
The komodo dragon bites you!!
You scratch the komodo dragon but do no damage.
The komodo dragon hisses menacingly.
The komodo dragon bites you!!
You mangle the komodo dragon!!
The komodo dragon is moderately wounded.
The komodo dragon bites you!
* * * LOW HITPOINT WARNING * * *
A crocodile comes into view.
Your skin crawls.
You feel resistant to hostile enchantments.
The eight-headed hydra bites you but does no damage.
The eight-headed hydra bites you.
* * * LOW HITPOINT WARNING * * *
The eight-headed hydra bites you!
* * * LOW HITPOINT WARNING * * *
The eight-headed hydra bites you.
You die...

........................
......t..#P............#
........^#..........##..
....................###.
.....................##.
#..................##..
#.....................
#...lD................
####.@................
##............###.#
##.........### ###
####......## #.......#
#.......# #.......#
#.......# #......##


You could see an eight-headed hydra, a komodo dragon and a crocodile.

Vanquished Creatures
  Pikel (D:4)
  A hippogriff (D:5)
  3 water moccasins (Lair:1)
  A porcupine (Lair:1)
  An orc warrior (D:9)
  A hornet zombie (D:9)
  A phantom (D:5)
  The ghost of p0werm0de the Skirmisher, an amateur DsBe of Trog (D:4)
  3 ogres
  A scorpion (D:4)
  A crimson imp (D:9)
  A bullfrog skeleton (D:9)
  A jelly (D:5)
  4 orc wizards
  2 orc priests
  3 worker ants
  A killer bee zombie (D:5)
  6 adders
  3 gnolls (D:4)
  4 oozes
  An adder skeleton (D:3)
  3 worms
  3 dart slugs
  6 leopard geckos
  12 orcs
  A ball python (D:4)
  6 giant cockroaches
  9 goblins
  5 hobgoblins
  11 kobolds
  2 quokkas
  4 bats
  2 frilled lizards
  2 jackal skeletons
  A leopard gecko skeleton (D:5)
  2 quokka zombies
  6 rats
  A fungus (Lair:1)
117 creatures vanquished.

Vanquished Creatures (others)
  2 slaves (D:4)
  Ijyb (D:4)
  6 orcs (D:4)
9 creatures vanquished.

Grand Total: 126 creatures vanquished

Notes
Turn   | Place    | Note
-------+----------+-------------------------------------------
     0 | D:1      | Zedayar the Troll Berserker began the quest for the Orb.
     0 | D:1      | Reached XP level 1. HP: 22/22 MP: 0/0
    54 | D:1      | Reached XP level 2. HP: 29/29 MP: 1/1
   469 | D:1      | Reached ** piety under Trog
   499 | D:1      | Reached XP level 3. HP: 36/36 MP: 2/2
   867 | D:2      | Found a faded altar of an unknown god.
  1109 | D:2      | Reached XP level 4. HP: 43/44 MP: 3/3
  1117 | D:2      | Reached skill level 4 in Unarmed Combat
  1646 | D:3      | Found a glowing golden altar of the Shining One.
  2123 | D:4      | Reached XP level 5. HP: 52/52 MP: 4/4
  2234 | D:4      | Noticed a slave
  2235 | D:4      | Noticed a slave
  2235 | D:4      | Noticed Pikel
  2236 | D:4      | Noticed a slave
  2238 | D:4      | Noticed a slave
  2243 | D:4      | Killed Pikel
  2243 | D:4      | Reached *** piety under Trog
  2243 | D:4      | Reached skill level 7 in Unarmed Combat
  2243 | D:4      | Reached XP level 6. HP: 61/61 MP: 5/5
  2243 | D:4      | Reached XP level 7. HP: 67/67 MP: 6/6
  2320 | D:4      | Noticed Ijyb
  2324 | D:4      | Killed Ijyb
  2601 | D:4      | Found a staircase to the Ecumenical Temple.
  2683 | D:4      | Noticed p0werm0de's ghost (amateur DsBe)
  2687 | D:4      | Found an iron altar of Okawaru.
  2692 | D:4      | Killed p0werm0de's ghost
  2768 | D:5      | Entered Level 5 of the Dungeon
  2778 | D:5      | Reached skill level 8 in Unarmed Combat
  2962 | D:5      | Reached XP level 8. HP: 65/75 MP: 7/7
  2964 | D:5      | Found a basalt altar of Yredelemnul.
  3000 | D:5      | Reached skill level 1 in Stealth
  3071 | D:5      | Noticed a hippogriff
  3082 | D:5      | Killed a hippogriff
  3082 | D:5      | Reached skill level 9 in Unarmed Combat
  3143 | D:5      | Found a sacrificial altar of Ru.
  3463 | D:5      | Found a white marble altar of Elyvilon.
  3685 | D:6      | You fall through a shaft for 3 floors!
  3795 | D:9      | Reached skill level 10 in Unarmed Combat
  3893 | D:9      | Got a dazzling trident
  3899 | D:9      | Found a radiant altar of Vehumet.
  3906 | D:9      | Reached **** piety under Trog
  4013 | D:9      | Found a staircase to the Lair.
  4043 | Lair:1   | Entered Level 1 of the Lair of Beasts
  4188 | Lair:1   | Reached XP level 9. HP: 44/84 MP: 8/8
  4317 | Lair:1   | Gained mutation: Your spells are a little easier to cast, but a little less powerful. [potion of mutation]
  4317 | Lair:1   | Gained mutation: You have large cloven feet. [potion of mutation]
  4317 | Lair:1   | Lost mutation: Your spells are a little easier to cast, but a little less powerful. [potion of mutation]
  4317 | Lair:1   | Gained mutation: Your muscles are strong. (Str +2) [potion of mutation]
  4375 | Lair:1   | Noticed a komodo dragon
  4377 | Lair:1   | Noticed an eight-headed hydra
  4384 | Lair:1   | HP: 2/84 [eight-headed hydra (7)]
  4384 | Lair:1   | Slain by an eight-headed hydra

Skill      XL: |  1  2  3  4  5  6  7  8 |
---------------+-------------------------+-----
Dodging        | 3 4 |  4.2
Unarmed Combat | 4 7 8 10 | 10.6
Fighting       | 3 4 |  4.2
Stealth        | 1 |  1.3

Action                   |  1- 3 |  4- 6 |  7- 9 || total
-------------------------+-------+-------+-------++-------
Melee: Unarmed           |    91 |    70 |   151 ||   312
       Punch             |       |     3 |     9 ||    12
       Kick              |       |       |     1 ||     1
Invok: Berserk           |       |     1 |     2 ||     3
       Trog's Hand       |       |       |     1 ||     1
  Use: Potion            |       |       |     4 ||     4
 Stab: Sleeping          |       |       |     1 ||     1
  Eat: Chunk             |     7 |    19 |    18 ||    44
Armor: Animal skin       |    41 |    25 |    22 ||    88
Dodge: Dodged            |    45 |    35 |    65 ||   145
